 Dungeon Crawl Stone Soup version 0.28-a0-1395-g4f6bc678fa (webtiles) character file.

Game seed: 11161976606477693086

3121 siradein the Cudgeller (level 9, 0/115 HPs)
             Began as a Palentonga Berserker on Jan 4, 2022.
             Was a Priest of Trog.
             Slain by an orc (1 damage)
             ... on level 8 of the Dungeon.
             The game lasted 00:16:35 (7874 turns).

siradein the Cudgeller (Palentonga Berserker)       Turns: 7874, Time: 00:16:36

Health: 0/115      AC: 29    Str: 31    XL:     9   Next: 60%
Magic:  9/9        EV:  7    Int:  8    God:    Trog [***...]
Gold:   535        SH:  0    Dex:  9    Spells: 8/8 levels left

rFire   . . .      SeeInvis +   r - +0 flail (protect)
rCold   . . .      Faith    .   s - orb {mayhem}
rNeg    + . .      Spirit   .   y - +0 plate armour
rPois   .          Reflect  .   g - +2 helmet
rElec   .          Harm     .   l - +0 cloak {Stlth+}
rCorr   .          Rampage  .   (no gloves)
Will    .....                   (no barding)
Stlth   ..........              x - amulet of the acrobat
HPRegen 0.29/turn               m - +6 ring of strength
MPRegen 0.11/turn               v - ring of positive energy

@: berserking (expiring), under a protective aura, curled up, very quick
A: large, rugged brown scales 3, see invisible, deformed body, roll 1, armoured
tail, reflexive curl
a: Rolling Charge, Renounce Religion, Berserk, Trog's Hand


You were on level 8 of the Dungeon.
You worshipped Trog.
Trog was most pleased with you.
You visited 1 branch of the dungeon, and saw 8 of its levels.

You collected 535 gold pieces.

Inventory:

Hand Weapons
 r - a +0 flail of protection (weapon)
 w - the +4 quarterstaff of Imbalance {vorpal, Will+ Str+3}
   (You took it off a wight on level 6 of the Dungeon)

   It inflicts extra damage upon your enemies.
   Str:       It affects your strength (+3).
   Will:      It increases your willpower.
Armour
 g - a +2 helmet (worn)
 l - a +0 cloak of stealth (worn)
 s - an orb of mayhem (worn)
 y - a +0 plate armour (worn)
Jewellery
 m - a +6 ring of strength (left hand)
 v - a ring of positive energy (right hand)
 x - an amulet of the acrobat (around neck)
Wands
 A - a wand of paralysis (4)
Scrolls
 d - 3 scrolls of blinking
 e - a scroll of noise {unknown}
 f - a scroll of acquirement {unknown}
 k - 3 scrolls of fog
 o - a scroll of magic mapping
 p - 2 scrolls of teleportation {unknown}
 q - a scroll of vulnerability {unknown}
 t - a scroll of enchant armour {unknown}
 u - a scroll of amnesia {unknown}
 D - a scroll of silence {unknown}
 E - a scroll of torment {unknown}
Potions
 a - 3 potions of curing
 b - a potion of cancellation {unknown}
 h - a potion of magic {unknown}
 j - a potion of brilliance {unknown}
 n - 2 potions of heal wounds {unknown}
 z - a potion of resistance {unknown}
 B - 2 potions of attraction {unknown}
 C - a potion of flight {unknown}


   Skills:
 + Level 7.4 Fighting
 + Level 7.4 Maces & Flails
 + Level 5.8 Armour
 + Level 5.8 Dodging


You had 8 spell levels left.
You didn't know any spells.
Your spell library was empty.

Dungeon Overview and Level Annotations

Branches:
Dungeon (8/15)             Temple (0/1) D:6            Lair (0/6) D:8

Altars:
Dithmenos
Elyvilon
Gozag
Hepliaklqana
Qazlal
Uskayaw
Vehumet
Wu Jian
Zin


Innate Abilities, Weirdness & Mutations

You are completely covered in rugged brown scales. (AC +3, +7% HP)
You have supernaturally acute eyesight. (SInv)
Armour fits poorly on your strangely shaped body.
You can roll at nearby foes to attack.
You have a long armoured tail.
You curl defensively after being hit. (AC +7*)


Message History

Maggie is moderately wounded.
Maggie gestures wildly while chanting.
The wyvern bites you but does no damage.
You thump Maggie! You tail-slap Maggie!
Maggie is severely wounded.
The orc barely misses you.
The wyvern bites you but does no damage.
You closely miss Maggie.
Maggie is severely wounded.
Maggie hits you but does no damage. The orc hits you but does no damage.
The wyvern bites you but does no damage.
You barely miss Maggie.
Maggie is severely wounded.
The wyvern bites you but does no damage.
Maggie hits you with a +3 scimitar!
* * * LOW HITPOINT WARNING * * *
You closely miss Maggie. You tail-slap Maggie!
You kill Maggie!
Trog accepts your kill.
Trog appreciates your killing of a magic user.
The orc barely misses you. The wyvern barely misses you.
You sock the wyvern!
The wyvern is moderately wounded.
The orc hits you but does no damage. The wyvern bites you.
* * * LOW HITPOINT WARNING * * *
You barely miss the wyvern.
The wyvern is moderately wounded.
The wyvern bites you!
* * * LOW HITPOINT WARNING * * *
You sock the wyvern!
The wyvern is severely wounded.
Your skin stops crawling.
You feel less strong-willed. The orc hits you but does no damage.
The wyvern bites you.
* * * LOW HITPOINT WARNING * * *
You closely miss the wyvern.
The wyvern is severely wounded.
The wyvern bites you but does no damage.
The orc hits you with a +0 vorpal mace.
* * * LOW HITPOINT WARNING * * *
You die...

≈≈≈#.......,............,,,,,*
≈≈≈#.....>..............,,,,,*
≈≈≈#......#.##..........,,,,,*
≈≈≈.......#.#...........,,,,**
≈≈......................,,,,**
≈≈≈.........#....†....##,,,,,*
≈....#.#....#..........#*,,,**
....##.....##..ol)......,,,,*
........#..#....@#......,,,,*
........#........##....#,,***
............#.....###..#*,*
#........$####.....#**##***
##.......##* #......#
.....!.....**###.!.##
............* #####
#.#.#...#..#* ***,##.#*,**


You could see a wyvern and an orc.

Vanquished Creatures
  Maggie (D:8)
  A wyvern (D:5)
  A water moccasin (D:7)
  A black bear (D:7)
  A sky beast (D:6)
  3 ice beasts
  3 necrophages
  An ogre (D:7)
  A phantom (D:5)
  Blork the orc (D:6)
  A kobold brigand (D:6)
  6 bullfrogs
  4 scorpions
  A wyvern zombie (D:8)
  A wyvern skeleton (D:7)
  A water moccasin skeleton (D:6)
  A water moccasin zombie (D:6)
  5 wights
  A howler monkey (D:7)
  A centaur zombie (D:7)
  Crazy Yiuf (D:2)
  2 bullfrog skeletons (D:5)
  A hound (D:4)
  An orc priest (D:4)
  A centaur skeleton (D:7)
  An iguana (D:5)
  6 orc wizards
  A hound zombie (D:4)
  Robin (D:2)
  A howler monkey zombie (D:5)
  2 adders (D:2)
  2 white imps (D:5)
  A dart slug (D:2)
  2 worms (D:2)
  10 orcs
  10 bats
  4 endoplasms
  3 giant cockroaches
  14 goblins
  6 hobgoblins
  4 jackals (D:1)
  3 quokkas
  3 ball pythons
  2 frilled lizards
  6 kobolds
  4 rats
128 creatures vanquished.

Notes
Turn   | Place    | Note
-------+----------+-------------------------------------------
     0 | D:1      | siradein the Palentonga Berserker began the quest for the
                  | Orb.
     0 | D:1      | Reached XP level 1. HP: 19/19 MP: 1/1
   429 | D:1      | Reached XP level 2. HP: 25/25 MP: 2/2
  1129 | D:2      | Found a faded altar of an unknown god.
  1210 | D:2      | Reached XP level 3. HP: 31/31 MP: 3/3
  1254 | D:2      | Reached ** piety under Trog
  1291 | D:2      | Noticed Robin
  1299 | D:2      | Killed Robin
  1300 | D:2      | Reached XP level 4. HP: 30/37 MP: 4/4
  2099 | D:2      | Found a runed translucent door.
  2100 | D:2      | Noticed Crazy Yiuf
  2106 | D:2      | Killed Crazy Yiuf
  2297 | D:3      | Reached XP level 5. HP: 44/44 MP: 5/5
  3322 | D:4      | Reached XP level 6. HP: 32/51 MP: 6/6
  3569 | D:4      | Found a stormy altar of Qazlal.
  4499 | D:5      | Entered Level 5 of the Dungeon
  4625 | D:5      | Noticed a wyvern
  4626 | D:5      | Found a glowing silver altar of Zin.
  4635 | D:5      | Killed a wyvern
  4636 | D:5      | Gained mutation: You curl defensively after being hit. (AC
                  | +7*) [Palentonga growth]
  4636 | D:5      | Reached XP level 7. HP: 58/58 MP: 7/7
  4657 | D:5      | Reached skill level 5 in Fighting
  4657 | D:5      | Reached skill level 5 in Maces & Flails
  4742 | D:5      | Found a white marble altar of Elyvilon.
  4809 | D:5      | Found an ornate altar of the Wu Jian Council.
  4810 | D:5      | Found an opulent altar of Gozag.
  4934 | D:5      | Found a shadowy altar of Dithmenos.
  5189 | D:6      | Noticed Blork the orc
  5196 | D:6      | Killed Blork the orc
  5196 | D:6      | Reached *** piety under Trog
  5298 | D:5      | Reached XP level 8. HP: 24/64 MP: 8/8
  5641 | D:6      | Found a radiant altar of Vehumet.
  5643 | D:6      | Identified the +4 quarterstaff of Imbalance {vorpal, Will+
                  | Str+3}
  6243 | D:6      | Found a staircase to the Ecumenical Temple.
  6295 | D:6      | Found a hazy altar of Hepliaklqana.
  6336 | D:6      | Reached skill level 5 in Armour
  6336 | D:6      | Reached skill level 5 in Dodging
  6794 | D:7      | Reached XP level 9. HP: 74/75 MP: 9/9
  7607 | D:7      | Noticed a +0 hand axe
  7609 | D:7      | Noticed a +0 hand axe
  7661 | D:7      | Found a hide-covered altar of Uskayaw.
  7850 | D:8      | Noticed Maggie
  7870 | D:8      | Killed Maggie
  7873 | D:8      | HP: 4/115 [wyvern (3)]
  7874 | D:8      | HP: 1/115 [orc (3)]
  7874 | D:8      | Slain by an orc

Illustrated notes

Levels and vault maps discovered:
D:1:      lightli_arrival_isolated_outpost, layout_basic, minmay_tiny_reverse_x
D:2:      layout_basic, ebering_ecumenical_altar_webs, uniq_robin,
          uniq_crazy_yiuf_cottage
D:3:      layout_loops_ring, minmay_misc_feat_hallway, dk_noncrumbling_2,
          minivault_5, serial_park_tiny_pond
D:4:      layout_basic, grunt_qazlal_clouds, minmay_fractal_squares_gapless_5
D:5:      layout_cave_pools, jmf_multi_god_temple, lemuel_tele_altar,
          grunt_dithmenos_shadows, amcnicky_altar_gilded
D:6:      layout_basic, mainiacjoe_overflow_six_doors_small,
          nicolae_vehumet_radiance, minmay_temple_entry_sparse_star,
          uniq_blork_the_orc
D:7:      layout_basic, dancing_weapons_uskayaw
D:8:      layout_cave_pools, led_sif_pool, erik_lair_orcish_takeover,
          nicolae_ossuary_entry_catacombs, serial_gnoll_camp,
          gnoll_camp_mini_hut, gnoll_camp_mini_doghouse, gnoll_camp_medium_02,
          grums_kennel, gnoll_camp_mini_basic, gnoll_camp_mini_doghouse,
          chequers_serial_rivers_large_a, uniq_maurice, uniq_gastronok,
          uniq_maggie, uniq_erica

Skill      XL: |  1  2  3  4  5  6  7  8  9 |
---------------+----------------------------+-----
Dodging        | 2 3 4 5 |  5.8
Armour         | 2 3 4 5 |  5.8
Fighting       | 4 5 6 7 |  7.4
Maces & Flails | 4 5 6 7 |  7.4

Action                   |  1- 3 |  4- 6 |  7- 9 || total
-------------------------+-------+-------+-------++-------
Melee: Mace              |    95 |    64 |       ||   159
       Tailslap          |    10 |    20 |    38 ||    68
       Flail             |       |    96 |   153 ||   249
       Quarterstaff      |       |       |    45 ||    45
Invok: Berserk           |       |     5 |     1 ||     6
       Trog's Hand       |       |     2 |     1 ||     3
 Abil: Rolling Charge    |     1 |     1 |       ||     2
  Use: Scroll            |       |     2 |     4 ||     6
Armor: Animal skin       |    22 |       |       ||    22
       Scale mail        |    53 |    98 |    72 ||   223
       Plate armour      |       |       |    69 ||    69
Dodge: Dodged            |    57 |    71 |   106 ||   234

Table legend: (Time is in decaauts)
 A = Elapsed time spent in this place.
 B = Non-inter-level travel time spent in this place.
 C = Inter-level travel time spent in this place.
 D = Time resting spent in this place.
 E = Time spent auto-exploring this place.
 F = Levels seen in this place.
 G = Mean time per level.
                   A        B        C        D        E       F      G
               +--------+--------+--------+--------+--------+-----+--------+
         Total |   7980 |   7790 |    190 |    273 |   6323 |   8 |  997.5 |
       Dungeon |   7980 |   7790 |    190 |    273 |   6323 |   8 |  997.5 |
               +--------+--------+--------+--------+--------+-----+--------+

Top non-repeatable levels by time:
     D:6: 1375 daAuts
     D:4: 1317 daAuts
     D:2: 1189 daAuts
     D:1: 1119 daAuts
     D:7: 1031 daAuts
     D:3: 949 daAuts
     D:5: 938 daAuts
     D:8: 59 daAuts
